 Dungeon Crawl Stone Soup version 0.31-a0-231-g51bb95cda3 (webtiles) character file.

Game seed: 15573894333594390309

24 qw the Shooter (level 2, -5/24 HPs)
             Began as a Minotaur Hexslinger on July 6, 2023.
             Slain by a worm (10 damage)
             ... on level 2 of the Dungeon.
             The game lasted 00:00:17 (795 turns).

qw the Shooter (Minotaur Hexslinger)                 Turns: 795, Time: 00:00:17

Health: -5/24      AC:  3    Str: 12    XL:     2   Next: 79%
Magic:  2/2        EV: 11    Int: 10    God:
Gold:   59         SH:  0    Dex: 12    Spells: 2/3 levels left

rFire   . . .        Y - +1 sling
rCold   . . .        (no shield)
rNeg    . . .        g - +0 leather armour
rPois   .            (helmet restricted)
rElec   .            (no cloak)
rCorr   .            (no gloves)
SInv    .            (no boots)
Will    .....        (no amulet)
Stlth   +            (no ring)
HPRegen 0.24/turn    (no ring)
MPRegen 0.08/turn

%: no passive effects
@: no status effects
A: horns 2, retaliatory headbutt
a: no special abilities


You were on level 2 of the Dungeon.
You visited 1 branch of the dungeon, and saw 2 of its levels.

You collected 59 gold pieces.


Innate Abilities, Weirdness & Mutations

You have a pair of horns on your head.
You reflexively headbutt those who attack you in melee.


   Skills:
 - Level 2.0 Fighting
 + Level 3.4 Ranged Weapons
 - Level 2.1 Dodging
 - Level 1.0 Spellcasting
 - Level 2.0 Hexes


You had 2 spell levels left.
You knew the following spells:

 Your Spells              Type           Power      Damage    Failure   Level
a - Slow                  Hex            16%        N/A       19%         1

Your spell library contained the following spells:

 Spells                   Type           Power      Damage    Failure   Level
 Inner Flame              Hex/Fire       2%         N/A       65%         3
 Portal Projectile        Hex/Tloc       4%         N/A       65%         3
 Cause Fear               Hex            2%         N/A       88%         4

Inventory:

Hand Weapons
 Y - a +1 sling (weapon)
Armour
 g - a +0 leather armour (worn)
Potions
 d - a potion of brilliance {unknown}
 e - a potion of curing {unknown}
 i - a potion of attraction {unknown}

Dungeon Overview and Level Annotations

Branches:
Dungeon (2/15)

Altars:

Shops:
D:1 (


Message History

Moving in this stuff is going to be slow.
There is a stone staircase leading down here.
You climb downwards.
There is a stone staircase leading up here.
Waypoint 1 assigned to D:2.
A worm comes into view.
The worm moves out of view.
You shoot a sling bullet.
The sling bullet barely misses the worm.
You shoot a sling bullet. The sling bullet hits the worm.
The worm is lightly wounded.
You shoot a sling bullet. The sling bullet hits the worm.
The worm is moderately wounded.
You shoot a sling bullet. The sling bullet hits the worm.
The worm is heavily wounded.
The worm bites you.
You shoot a sling bullet. The sling bullet hits the worm.
The worm is severely wounded.
The worm barely misses you.
You shoot a sling bullet.
The sling bullet barely misses the worm.
The worm bites you.
You shoot a sling bullet.
The sling bullet barely misses the worm.
You shoot a sling bullet.
The sling bullet barely misses the worm.
The worm bites you!
You shoot a sling bullet. The sling bullet hits the worm.
The worm is heavily wounded.
The worm barely misses you.
You shoot a sling bullet. The sling bullet hits the worm.
The worm is severely wounded.
The worm bites you!
You shoot a sling bullet. The sling bullet hits the worm.
The worm is almost dead.
You shoot a sling bullet.
The sling bullet hits the worm but does no damage.
The worm is almost dead.
The worm bites you!
You die...

##.## .. #...#
. . ... ..##.
... ..... #.#
..#... #.# #
......####.##.#
...........@..#
###.....###w.#
#####<# ..# #.#
.... #.# .###.
#.# .# # #.# ..
#.# ## #.#


You could see a worm.

Vanquished Creatures
  2 endoplasms (D:1)
  2 giant cockroaches (D:1)
  3 goblins (D:1)
  3 hobgoblins (D:1)
  A quokka (D:1)
  A ball python (D:1)
  2 bats (D:1)
  A frilled lizard (D:1)
  2 kobolds (D:1)
  6 rats (D:1)
23 creatures vanquished.

Notes
Turn   | Place    | Note
-------+----------+-------------------------------------------
     0 | D:1      | qw the Minotaur Hexslinger began the quest for the Orb.
     0 | D:1      | Reached XP level 1. HP: 16/16 MP: 1/1
     0 | D:1      | 0 ||| qw: Version: 0.3-a-46-gb1f654a
     0 | D:1      | 0 ||| qw: Game counter: 1897
     0 | D:1      | 0 ||| qw: Melee chars always use a shield: true
     0 | D:1      | 0 ||| qw: God list: Okawaru
     0 | D:1      | 0 ||| qw: Allow faded altars: false
     0 | D:1      | 0 ||| qw: Do Orc after clearing Dungeon:15 true
     0 | D:1      | 0 ||| qw: Do second Lair branch before Depths: true
     0 | D:1      | 0 ||| qw: Lair rune preference: random
     0 | D:1      | 0 ||| qw: Goals: Normal
     0 | D:1      | 0 ||| PLANNING D:1-11
    73 | D:1      | Reached skill level 3 in Ranged Weapons
   102 | D:1      | Reached XP level 2. HP: 23/23 MP: 2/2
   522 | D:1      | Found Antesufo's Antique Weapon Shoppe.
   536 | D:1      | 536 ||| SHOPLISTING pitted arbalest (256 gold, have 59).
   728 | D:1      | 728 ||| UPGRADING to +0 leather armour.
   738 | D:1      | 738 ||| DROPPING +0 robe.
   739 | D:1      | 739 ||| READING scroll labelled AVYPPU FAAKIE.
   740 | D:1      | 740 ||| READING scroll labelled GAVEAJ DIXKITWE.
   741 | D:1      | 741 ||| DROPPING scroll of poison.
   793 | D:2      | HP: 5/24 [worm (9)]
   795 | D:2      | Slain by a worm

Levels and vault maps discovered:
D:1:      minmay_arrival_floating_metal, layout_loops_ring, serial_shops, shop
D:2:      layout_loops_ring

Skill      XL: |  1  2 |
---------------+-------+-----
Ranged Weapons | 3 |  3.4
Fighting       | 2 |  2.0
Dodging        | |  2.1
Spellcasting   | |  1.0
Hexes          | |  2.0

Action                     || total
---------------------------++-------
   Fire: Sling             ||    70
    Use: Scroll            ||     2
 Armour: Robe              ||     2
  Dodge: Dodged            ||    12

Table legend:
 A = Non-vault XP
 B = Vault XP
 C = Vault XP percentage of total XP
 D = Non-vault monster count
 E = Vault monster count
 F = Vault count percentage of total count
                 A         B        C        D         E       F
            +---------+---------+-------+---------+---------+-------
      Total |      35 |       0 |   0.0 |      23 |       0 |   0.0
            +---------+---------+-------+---------+---------+-------
        D:1 |      35 |       0 |   0.0 |      23 |       0 |   0.0
            +---------+---------+-------+---------+---------+-------
